Map: [ESL] Oceanborn

Players

Reynor - Winner!

  • Race: Zerg Zerg
  • League: Master
  • Spawn Location: 11:00

YoungYakov

  • Race: Zerg Zerg
  • League: Grandmaster
  • Spawn Location: 5:00

Event: IEM Katowice 2024

VOD

Have the link to the VOD?

Description

Time

  • Played on: Dec. 8, 2023, 12:12 p.m.
  • Length: 7:15

All games in this series

Show
View Real Time Build Order
Export as new Build Order

Reynor Zerg - Winner!

Build Orders: Hatch First 

Get SALT Encoding   

  12  0:00  Drone  
  13  0:11  Overlord  
  13  0:16  Drone  
  14  0:30  Drone x2  
  16  0:47  Hatchery  
  15  0:50  Drone  
  15  0:54  Drone  
  17  0:57  Drone  
  18  1:08  Extractor  
  17  1:12  Spawning Pool  
  17  1:15  Drone  
  17  1:19  Drone  
  18  1:27  Drone  
  19  1:37  Drone  
  20  1:48  Drone  
  21  1:58  Queen x2  
  21  1:59  Zergling x2  
  21  2:00  Overlord  
  26  2:09  Drone  
  26  2:11  Drone  
  28  2:16  Metabolic Boost  
  28  2:21  Drone x2  
  30  2:32  Hatchery  
  30  2:35  Drone x2  
  31  2:41  Evolution Chamber  
  31  2:42  Drone  
  31  2:44  Drone  
  32  2:53  Overlord  
  32  2:55  Drone  
  33  3:04  Drone x2  
  35  3:06  Drone  
  35  3:08  Zerg Missile Weapons Level 1  
  36  3:14  Zergling x4  
  36  3:15  Drone x2  
  36  3:16  Drone  
  36  3:17  Overlord  
  41  3:26  Roach Warren, Zergling x4  
  42  3:35  Drone  
  42  3:37  Drone  
  42  3:39  Queen  
  46  3:42  Drone x2  
  46  3:43  Overlord  
  46  3:47  Zergling x6  
  51  3:49  Zergling x2  
  51  3:52  Zergling x2  
  53  3:57  Evolution Chamber, Zergling x4  
  53  4:02  Zergling x2  
  53  4:04  Queen  
  53  4:08  Zergling x4  
  53  4:13  Roach x2  
  56  4:20  Roach x2, Zergling x4  
  60  4:25  Lair  
  60  4:29  Zergling x8  
  62  4:33  Roach  
  62  4:34  Zergling x2  
  62  4:38  Overlord  
  64  4:44  Roach, Zergling x2  
  65  4:48  Drone, Extractor  
  65  4:49  Overlord  
  65  4:53  Overlord  
  65  4:57  Drone x3  
  65  4:59  Drone x3  
  71  5:04  Drone  
  71  5:05  Drone  
  73  5:07  Overlord  
  73  5:12  Drone  
  74  5:15  Drone  
  74  5:19  Drone x2  
  74  5:20  Drone  
  74  5:21  Drone  
  77  5:22  Queen  
  77  5:25  Glial Reconstitution  
  76  5:32  Drone x5  
  76  5:35  Overseer  
  81  5:36  Drone x2, Extractor  
  81  5:37  Extractor  
  81  5:39  Ravager  
  81  5:40  Drone x3  
  81  5:42  Drone  
  86  5:44  Extractor  
  82  5:50  Overlord  
  82  5:56  Roach x5  
  90  6:02  Overlord  
  90  6:03  Roach x2  
  94  6:04  Overlord  
  94  6:06  Overlord  
  94  6:07  Roach  
  96  6:12  Roach  
  96  6:14  Roach  
  102  6:18  Roach  
  102  6:22  Overlord  
  102  6:23  Roach  
  104  6:28  Roach x4  
  104  6:32  Overlord  
  112  6:35  Roach x5  
  112  6:39  Roach x3  
  128  6:48  Overlord  
  128  6:50  Roach x2  
  132  6:56  Roach x2  
  138  7:08  Hatchery  
Show
View Real Time Build Order
Export as new Build Order

YoungYakov Zerg 

Build Orders: Hatch First 

Get SALT Encoding   

  12  0:00  Drone  
  13  0:08  Drone  
  14  0:14  Drone, Extractor  
  15  0:37  Hatchery  
  15  0:42  Drone, Extractor  
  14  0:48  Overlord  
  15  1:02  Spawning Pool  
  14  1:06  Drone  
  14  1:10  Drone  
  16  1:13  Drone  
  16  1:18  Drone  
  18  1:23  Extractor  
  17  1:29  Drone  
  18  1:40  Drone  
  19  1:49  Queen x2  
  19  1:52  Drone  
  19  1:53  Drone  
  25  2:01  Overlord  
  25  2:03  Drone  
  26  2:11  Drone x2  
  28  2:24  Metabolic Boost  
  30  2:30  Queen  
  30  2:32  Drone x2  
  32  2:38  Evolution Chamber  
  32  2:42  Overlord  
  32  2:44  Zergling x2  
  32  2:48  Zergling x4  
  34  2:52  Roach Warren  
  34  2:57  Evolution Chamber  
  32  3:00  Zergling x4  
  32  3:04  Zergling x4  
  36  3:08  Zergling x4  
  38  3:14  Zergling x4  
  38  3:15  Zergling x2  
  38  3:17  Zergling x2  
  42  3:26  Zergling x2  
  42  3:27  Zergling x2  
  44  3:35  Overlord  
  44  3:37  Overlord  
  44  3:48  Overlord  
  44  3:54  Drone x5  
  49  3:56  Zergling x2  
  49  4:06  Extractor  
  49  4:07  Zergling x2  
  49  4:08  Zergling x8  
  48  4:20  Hatchery  
  44  4:24  Drone x2  
  44  4:30  Drone  
  44  4:31  Drone x2  
  47  4:39  Drone  
  47  4:40  Drone  
  46  4:46  Drone x2  
  46  4:48  Drone  
  47  4:53  Lair  
  47  4:57  Zergling x4  
  47  4:59  Zergling x2  
  49  5:01  Zergling x2  
  49  5:05  Zergling x4  
  52  5:10  Zergling x4  
  52  5:12  Zergling x4  
  55  5:16  Roach  
  56  5:26  Roach x4  
  53  5:29  Roach  
  53  5:32  Roach  
  53  5:34  Roach  
  58  5:36  Roach  
  58  5:39  Roach  
  58  5:42  Roach  
  59  5:44  Roach  
  59  5:48  Extractor  
  62  5:50  Roach  
  62  5:57  Drone  
  62  6:00  Ravager  
  62  6:02  Drone x3  
  66  6:05  Hatchery  
  66  6:08  Drone  
  66  6:12  Roach  
  68  6:19  Overseer  
  68  6:21  Overlord  
  68  6:25  Overlord  
  68  6:29  Overlord  
  68  6:39  Queen  
  70  6:40  Drone x5  
  70  6:44  Roach  
  70  6:46  Roach  
  78  6:49  Roach  
  78  6:51  Roach  
  82  6:56  Spine Crawler  

Tags
 
Add a new tag
Caveats
  • Supply blocks, unpowered buildings, or Contaminate may cause inaccurate times.
  • Supply counts are checked every 10 seconds.